[Event "ACP-Knockout-2020-Women"]
[Site "Emanuel Lasker Arena"]
[Date "2020.07.26"]
[Round "2.1"]
[White "IGaponenko"]
[Black "Natik"]
[Result "1-0"]
[WhiteElo "1430"]
[BlackElo "1620"]
[Annotator "NA RC"]
[PlyCount "65"]
[EventDate "2020.07.25"]
[EventType "k.o. (blitz)"]
[EventRounds "4"]
[TimeControl "600+5"]

1. e4 e5 2. Nf3 d6 3. d4 exd4 4. Nxd4 Nf6 5. Nc3 Be7 6. g3 O-O 7. Bg2 Re8 8. O-O c6 9. h3 a5 10. g4 h6 11. f4 Na6 12. Be3 Nc5 13. g5 hxg5 14. fxg5 Nfd7 15. Nf5 Bxg5 16. Bxg5 Qxg5 17. Qxd6 Re6 18. Qd4 Rg6 19. Rf2 Ne6 20. Qd2 Qxd2 21. Rxd2 Kf8 22. Rf1 Ne5 23. Nd6 Bd7 24. Nxf7 Nxf7 25. Rxd7 Ned8 26. e5 Kg8 27. Re7 Re6 28. Rfxf7 Nxf7 29. Rxe6 Rd8 30. Kf2 Rd2+ 31. Kg3 Rxc2 32. Re8+ Kh7 33. Be4+ {[%emt 0:00:02] Natik resigns (Lag: Av=0.54s, max=0.9s)} 1-0

[Event "ACP-Knockout-2020-Women"]
[Site "Emanuel Lasker Arena"]
[Date "2020.07.26"]
[Round "2.3"]
[White "IGaponenko"]
[Black "Natik"]
[Result "1-0"]
[WhiteElo "1486"]
[BlackElo "1620"]
[Annotator "NA RC"]
[PlyCount "71"]
[EventDate "2020.07.25"]
[EventType "k.o. (blitz)"]
[EventRounds "4"]
[TimeControl "600+5"]

1. e4 e5 2. Nf3 d6 3. d4 exd4 4. Nxd4 Nf6 5. Nc3 Be7 6. Nde2 O-O 7. g3 Re8 8. Bg2 c6 9. O-O Nbd7 10. h3 Bf8 11. g4 Nc5 12. Ng3 h6 13. f4 Qb6 14. Kh2 Be6 15. b3 Rad8 16. Qf3 Qc7 17. Bb2 d5 18. e5 Nfe4 19. Ncxe4 Nxe4 20. Nxe4 dxe4 21. Qe3 Qa5 22. f5 Bc8 23. a3 Qd2 24. Qxe4 Bc5 25. Rae1 Bb6 26. Re2 Qd7 27. Qf4 Bc7 28. f6 Qe6 29. fxg7 Kxg7 30. Kh1 Qe7 31. Bc1 Qh4 32. Qxf7+ Kh8 33. Qxc7 Bxg4 34. Re4 Rf8 35. Rxg4 Rxf1+ 36. Bxf1 {[%emt 0:00:02] Natik resigns (Lag: Av=0.52s, max=0.7s)} 1-0